 Dungeon Crawl Stone Soup version 0.29-a0-352-g0917bc69df (webtiles) character file.

Game seed: 5730843994562638892

2 sokol815 the Firebug (level 1, -2/11 HPs)
             Began as an Octopode Fire Elementalist on Apr 23, 2022.
             Slain by a quokka (4 damage)
             ... on level 1 of the Dungeon.
             The game lasted 00:01:00 (83 turns).

sokol815 the Firebug (Octopode Fire Elementalist)     Turns: 83, Time: 00:01:00

Health: -2/11      AC:  1    Str:  7    XL:     1   Next: 30%
Magic:  0/3        EV: 13    Int: 17    God:
Gold:   0          SH:  0    Dex: 12    Spells: 3/4 levels left

rFire   . . .      SeeInvis .   (no weapon)
rCold   . . .      Faith    .   (no shield)
rNeg    . . .      Spirit   .   (helmet restricted)
rPois   .          Reflect  .   (no amulet)
rElec   .          Harm     .   (no ring)
rCorr   .          Rampage  .   (no ring)
Will    .....                   (no ring)
Stlth   +++.......              (no ring)
HPRegen 0.03/turn               (no ring)
MPRegen 0.08/turn               (no ring)
                                (no ring)
                                (no ring)

@: no status effects
A: almost no armour, amphibious, 8 rings, camouflage 1, gelatinous body 1,
(nimble swimmer 1), tentacles
a: no special abilities


You were on level 1 of the Dungeon.
You visited 1 branch of the dungeon, and saw 1 of its levels.

Inventory:

Missiles
 a - 2 poisoned darts
Potions
 M - a potion of magic


   Skills:
 - Level 2.0 Dodging
 - Level 2.6 Stealth
 - Level 2.0 Spellcasting
 + Level 1.1 Conjurations
 + Level 3.0 Fire Magic


You had 3 spell levels left.
You knew the following spells:

 Your Spells              Type           Power      Damage    Failure   Level
a - Foxfire               Conj/Fire      32%        2x1d5     9%          1

Your spell library contained the following spells:

 Spells                   Type           Power      Damage    Failure   Level
 Scorch                   Fire           24%        2d6       9%          2
 Conjure Flame            Conj/Fire      8%         6-21      24%         3
 Inner Flame              Hex/Fire       6%         N/A       30%         3
 Flame Wave               Conj/Fire      8%         2d5       63%         4


Dungeon Overview and Level Annotations

Branches:
Dungeon (1/15)

Altars:


Innate Abilities, Weirdness & Mutations

You cannot wear most types of armour.
You are amphibious.
You can wear up to eight rings at the same time.
Your skin changes colour to match your surroundings (Stealth+).
Your rubbery body absorbs attacks. (AC +1, EV +1)
((You are camouflaged when in or above water. (Stealth+)))
You have tentacles for arms and can constrict up to eight enemies at once.


Message History

Welcome, sokol815 the Octopode Fire Elementalist.
Everyone else who sought the Orb of Zot has failed.
Will you be different?
Found 2 poisoned darts.
Found a staircase leading out of the dungeon.
a - 2 poisoned darts You open the door.
There is an open door here.
An endoplasm comes into view.
You conjure some foxfire!
You now have 2/3 mp.
You conjure some foxfire!
The endoplasm quivers.
The foxfire hits the endoplasm.
You now have 1/3 mp.
You conjure some foxfire!
The foxfire hits the endoplasm but does no damage. x2
You now have 0/3 mp.
The foxfire hits the endoplasm.
You kill the endoplasm!
You start resting.
MP restored: 3 A bat comes into view.
You conjure some foxfire!
The bat misses you.
You now have 2/3 mp.
You conjure some foxfire!
The foxfire hits the bat.
The bat completely misses you.
The foxfire hits the bat.
You kill the bat!
You now have 1/3 mp.
You conjure some foxfire!
You now have 0/3 mp.
A quokka comes into view.
You conjure some foxfire!
You now have 0/3 mp.
The foxfire hits the quokka.
The foxfire hits the quokka but does no damage.
The quokka bites you.
You take 1 damage, and have 10/11 hp.
You closely miss the quokka. Your grab misses the quokka.
Your squeeze misses the quokka. The quokka misses you. The quokka bites you.
You take 4 damage, and have 6/11 hp.
MASSIVE DAMAGE!!
You miss the quokka. Your grab misses the quokka.
Your squeeze misses the quokka. The quokka bites you.
* * * LOW HITPOINT WARNING * * *
You take 4 damage, and have 2/11 hp.
MASSIVE DAMAGE!!
You completely miss the quokka. Your grab misses the quokka.
The quokka misses you.
You tentacle-slap the quokka. You grab the quokka.
You tentacle-slap the quokka, but do no damage.
You constrict the quokka, but do no damage.
The quokka bites you.
You die...

### . +.. ..#.# #.#.# #
#.#.# #. #.#.####
#.##......###
#...........#
#.....@.....#
#.....r.....#
#...........####
#..............#
#...........##.#
#.......[...##.#
#...........##.#
######)#######.########
#.# #...........


You could see a quokka.

Vanquished Creatures
  An endoplasm (D:1)
  A bat (D:1)
2 creatures vanquished.

Vanquished Creatures (others)
  12 foxfires (D:1)
12 creatures vanquished.

Grand Total: 14 creatures vanquished

Notes
Turn   | Place    | Note
-------+----------+-------------------------------------------
     0 | D:1      | sokol815 the Octopode Fire Elementalist began the quest for
                  | the Orb.
     0 | D:1      | Reached XP level 1. HP: 11/11 MP: 3/3
    81 | D:1      | HP: 2/11 [quokka (4)]
    83 | D:1      | Slain by a quokka

Illustrated notes

Levels and vault maps discovered:
D:1:      minmay_arrival_checkered_box, layout_basic, minmay_tromino_v4_c

Action                   || total
-------------------------++-------
Melee: Unarmed           ||     4
       Constrict         ||     1
       Punch             ||     1
 Cast: Foxfire           ||     7
Dodge: Dodged            ||     4

Table legend: (Time is in decaauts)
 A = Elapsed time spent in this place.
 B = Non-inter-level travel time spent in this place.
 C = Inter-level travel time spent in this place.
 D = Time resting spent in this place.
 E = Time spent auto-exploring this place.
 F = Levels seen in this place.
 G = Mean time per level.
                   A        B        C        D        E       F      G
               +--------+--------+--------+--------+--------+-----+--------+
         Total |     83 |     83 |      0 |     34 |     21 |   1 |   83.0 |
       Dungeon |     83 |     83 |      0 |     34 |     21 |   1 |   83.0 |
               +--------+--------+--------+--------+--------+-----+--------+

Top non-repeatable levels by time:
     D:1: 83 daAuts

Table legend:
 A = Kills in this place as a percentage of kills in entire the game.
 B = Kills by you in this place as a percentage of kills by you in the entire game.
 C = Kills by friends in this place as a percentage of kills by friends in the entire game.
 D = Other kills in this place as a percentage of other kills in the entire game.
 E = Experience gained in this place as a percentage of experience gained in the entire game.
 F = Experience gained in this place divided by the number of levels of this place that you have seen.
                   A       B       C       D       E      F
               +-------+-------+-------+-------+-------+----------------------
         Total | 100.0 | 100.0 |   N/A |   N/A | 100.0 |   3.0
       Dungeon | 100.0 | 100.0 |   N/A |   N/A | 100.0 |   3.0
               +-------+-------+-------+-------+-------+----------------------
